 Dungeon Crawl Stone Soup version 0.29.1-12-g30fa7ad0bf (webtiles) character file.

Game seed: 8566777800985056992

259 wormed the Chopper (level 6, -22/55 HPs)
             Began as a Hill Orc Fighter on Dec 21, 2022.
             Was an Initiate of Okawaru.
             Annihilated by an ogre
             ... wielding a +0 giant club
              (29 damage)
             ... on level 4 of the Dungeon.
             The game lasted 00:05:31 (3476 turns).

wormed the Chopper (Hill Orc Fighter)               Turns: 3476, Time: 00:05:31

Health: -22/55     AC:  7    Str: 27    XL:     6   Next: 17%
Magic:  6/6        EV:  9    Int:  8    God:    Okawaru [......]
Gold:   87         SH:  4    Dex: 10    Spells: 5/5 levels left

rFire   . . .      SeeInvis .   a - +0 war axe
rCold   . . .      Faith    .   c - +0 buckler
rNeg    . . .      Spirit   .   b - +0 scale mail
rPois   .          Reflect  .   (no helmet)
rElec   .          Harm     .   (no cloak)
rCorr   .          Rampage  .   (no gloves)
Will    .....                   (no boots)
Stlth   ..........              o - amulet of magic regeneration
HPRegen 0.18/turn               s - ring of wizardry
MPRegen 0.50/turn               v - +6 ring of strength

@: mighty
A: no striking features
a: Renounce Religion


You were on level 4 of the Dungeon.
You worshipped Okawaru.
Okawaru was noncommittal.
You visited 1 branch of the dungeon, and saw 4 of its levels.

You collected 201 gold pieces.
You spent 114 gold pieces at shops.

Inventory:

Hand Weapons
 a - a +0 war axe (weapon)
Missiles
 j - 5 javelins (quivered)
Armour
 b - a +0 scale mail (worn)
 c - a +0 buckler (worn)
Jewellery
 o - an amulet of magic regeneration (around neck)
 s - a ring of wizardry (left hand)
 v - a +6 ring of strength (right hand)
Wands
 r - a wand of acid (7)
 A - a wand of flame (8)
Scrolls
 e - 2 scrolls of noise {unknown}
 i - 3 scrolls of amnesia {unknown}
 l - a scroll of fog {unknown}
 m - 4 scrolls of teleportation {unknown}
 n - a scroll of brand weapon {unknown}
 w - a scroll of enchant weapon
 x - a scroll of poison {unknown}
 y - a scroll of fear {unknown}
 z - a scroll of identify
Potions
 d - 2 potions of might
 f - a potion of magic
 g - 4 potions of flight
 h - a potion of heal wounds {unknown}
 k - 3 potions of degeneration {unknown}
 p - a potion of haste {unknown}
 q - 4 potions of curing
 t - a potion of brilliance {unknown}
 u - a potion of lignification {unknown}


   Skills:
 + Level 4.8 Fighting
 * Level 5.7 Axes
 + Level 4.3 Armour
 + Level 4.3 Shields


You had 5 spell levels left.
You didn't know any spells.
Your spell library contained the following spells:

 Spells                   Type           Power      Damage    Failure   Level
 Ensorcelled Hibernation  Hex/Ice        0%         N/A       56%         2
 Spider Form              Tmut/Pois      0%         N/A       78%         3
 Anguish                  Hex/Necr       0%         N/A       99%         4


Dungeon Overview and Level Annotations

Branches:
Dungeon (4/15)
 Temple: D:4-7

Altars:
Okawaru

Shops:
D:3 ?

Annotations:
D:4 1 runed translucent door, Dowan; Duvessa; Jase's ghost, novice MfGl


Message History

a +0 short sword; a kobold corpse You pick up a book of Dreams and begin reading...
You add the spells Ensorcelled Hibernation, Spider Form and Anguish to your library.
Things that are here:
a +0 short sword; a kobold corpse
Things that are here:
a +0 whip; 2 stones
k - 3 glowing grey potions (gained 1)
You now have 77 gold pieces (gained 12).
y - a scroll labelled HOFITUNEOG
z - a scroll of identify Jase's ghost turns its malevolent gaze towards you.
A - a wand of flame (8)
Found a whip.
Found a stone staircase leading down.
You see here a +0 whip.
You now have 87 gold pieces (gained 10).
Found 6 stones.
Found an iron altar of Okawaru.
An ogre comes into view. It is wielding a +0 giant club.
The ogre shouts!
Found a blackened gilded ring.
You see here 6 stones.
Found a scroll labelled OWAJOU REIMUGU.
The ogre hits you with a +0 giant club!
There is an iron altar of Okawaru here.
You kneel at the altar of Okawaru.
Okawaru welcomes you!
You slash the ogre!
The ogre is moderately wounded.
The ogre hits you with a +0 giant club!!
Ouch! That really hurt!
* * * LOW HITPOINT WARNING * * *
You feel very mighty all of a sudden. The ogre hits you with a +0 giant club!
* * * LOW HITPOINT WARNING * * *
You closely miss the ogre.
The ogre is moderately wounded.
The ogre hits you with a +0 giant club!!
Ouch! That really hurt!
You die...

#.####.###.## # ##
#####..........## #
#.
........#...#...###
..##.........^.......
...........#.##.....
##.##.##..###.##.....
#..#...#(...#.##.....
#.........#.#........
#...@O...............
#...............##..>
#..#...#.............
##.##.##....####.....
# ...=..#.# ###.#.
.......#... ..#.#.
...?##### ## #.....
.### ##..##. .......


You could see an ogre.

Vanquished Creatures
  A sky beast (D:3)
  A scorpion (D:3)
  6 adders
  3 dart slugs
  An endoplasm (D:3)
  7 goblins
  4 hobgoblins
  7 jackals
  4 quokkas
  6 ball pythons
  2 bats (D:1)
  5 frilled lizards
  9 kobolds
  2 rats
58 creatures vanquished.

Notes
Turn   | Place    | Note
-------+----------+-------------------------------------------
     0 | D:1      | wormed the Hill Orc Fighter began the quest for the Orb.
     0 | D:1      | Reached XP level 1. HP: 19/19 MP: 1/1
     6 | D:1      | Noticed a lindwurm
     6 | D:1      | Noticed a redback
     6 | D:1      | Noticed a hog
     7 | D:1      | Noticed an anaconda
     7 | D:1      | Noticed an iguana
   191 | D:1      | Reached skill level 3 in Axes
   397 | D:1      | Reached XP level 2. HP: 27/27 MP: 2/2
  1057 | D:2      | Reached XP level 3. HP: 24/33 MP: 3/3
  1436 | D:2      | Reached skill level 4 in Axes
  1439 | D:2      | Reached XP level 4. HP: 24/40 MP: 4/4
  2050 | D:3      | Noticed a sky beast
  2072 | D:3      | Killed a sky beast
  2073 | D:3      | Reached skill level 5 in Axes
  2073 | D:3      | Reached XP level 5. HP: 22/47 MP: 5/5
  2562 | D:3      | Found Leli's Magic Scroll Shoppe.
  2575 | D:3      | Bought a scroll of enchant weapon for 90 gold pieces
  2575 | D:3      | Bought a scroll of identify for 24 gold pieces
  2881 | D:4      | Noticed Jase's ghost (novice MfGl)
  2881 | D:4      | Found a runed translucent door.
  2995 | D:3      | Reached XP level 6. HP: 27/55 MP: 6/6
  3175 | D:4      | Noticed Duvessa
  3175 | D:4      | Noticed Dowan
  3464 | D:4      | Found an iron altar of Okawaru.
  3472 | D:4      | Became a worshipper of Warmaster Okawaru
  3476 | D:4      | Annihilated by an ogre

Illustrated notes

Levels and vault maps discovered:
D:1:      onia_arrival_zoo_common, layout_loops_cross
D:2:      layout_basic
D:3:      layout_basic, serial_shops, shop
D:4:      layout_rooms, okawaru_gym_becter, hellmonk_ghost_happy_afterlife,
          minmay_tree_intersection, st_stairs_11, uniq_duvessa

Skill      XL: |  1  2  3  4 |
---------------+-------------+-----
Axes           | 3 4 5 |  5.7
Fighting       | 4 |  4.8
Armour         | 4 |  4.3
Shields        | 4 |  4.3

Action                   |  1- 3 |  4- 6 || total
-------------------------+-------+-------++-------
Melee: War axe           |   102 |    99 ||   201
  Use: Scroll            |       |     3 ||     3
       Potion            |       |     2 ||     2
Armor: Scale mail        |    65 |    57 ||   122
Dodge: Dodged            |    56 |    49 ||   105
Block: Buckler           |    25 |    27 ||    52
